 Dungeon Crawl Stone Soup version 0.22.1-2-g9c5b331 (webtiles) character file.

111 nightchill the Vexing (level 5, 0/39 HPs)
             Began as a Formicid Arcane Marksman on Nov 14, 2018.
             Killed from afar by an orc wizard (10 damage)
             ... with a magic dart
             ... on level 3 of the Dungeon.
             The game lasted 00:08:28 (2076 turns).

nightchill the Vexing (Formicid Arcane Marksman)    Turns: 2076, Time: 00:08:29

Health: 0/39       AC:  2    Str: 15    XL:     5   Next: 15%
Magic:  6/6        EV: 12    Int: 12    God:
Gold:   41         SH:  0    Dex: 12    Spells: 5/6 levels left

rFire    . . .     SeeInvis +   a - +0 hand crossbow
rCold    . . .     Gourm    .   (no shield)
rNeg     . . .     Faith    .   e - +0 robe
rPois    .         Spirit   .   (helmet unavailable)
rElec    .         Reflect  .   (no cloak)
rCorr    .         Harm     .   (no gloves)
MR       .....                  (no boots)
Stlth    +.........             (no amulet)
HPRegen  0.13/turn              (no ring)
MPRegen  0.10/turn              (no ring)

@: no status effects
A: permanent stasis, dig shafts and tunnels, four strong arms, antennae 3
a: Dig, Shaft Self


You were on level 3 of the Dungeon.
You were not hungry.

You visited 1 branch of the dungeon, and saw 3 of its levels.

You collected 41 gold pieces.

Inventory:

Hand Weapons
 a - a +0 hand crossbow (weapon)
 b - a +0 whip
 k - a +0 hunting sling
 u - a cursed -1 mace
Missiles
 d - 16 bolts (quivered)
 l - 15 arrows
 p - 50 stones
 s - 3 javelins
 w - 10 poisoned needles
Armour
 e - a +0 robe (worn)
 n - a +0 leather armour
Jewellery
 r - a +2 ring of strength {unknown}
Scrolls
 g - a scroll of amnesia {unknown}
 h - 3 scrolls of magic mapping {unknown}
 i - a scroll of blinking {unknown}
 j - 2 scrolls of remove curse {unknown}
 m - 4 scrolls of fear {unknown}
 o - 2 scrolls of teleportation {unknown}
Potions
 q - a potion of lignification {unknown}
 t - a potion of heal wounds {unknown}
 v - a potion of curing {unknown}
Comestibles
 f - 4 rations


   Skills:
 + Level 2.7 Fighting
 * Level 3.9 Crossbows
 - Level 1.7 Dodging
 - Level 1.1 Spellcasting
 + Level 4.2 Hexes


You had 5 spell levels left.
You knew the following spells:

 Your Spells              Type           Power        Failure   Level  Hunger
a - Corona                Hex            ##.....      5%          1    ##.....

Your spell library contained the following spells:

 Spells                   Type           Power        Failure   Level  Hunger
 Slow                     Hex            ##......     9%          2    ###....
 Inner Flame              Hex/Fire       #.......     36%         3    ####...
 Portal Projectile        Hex/Tloc       #.....       36%         3    ####...
 Cause Fear               Hex            ##........   47%         4    #####..
 Leda's Liquefaction      Hex/Erth       #.........   77%         4    #####..


Dungeon Overview and Level Annotations

Branches:
Dungeon (3/15)

Altars:


Innate Abilities, Weirdness & Mutations

You cannot be hasted, slowed, berserked, paralysed or teleported.
You can dig through walls and to a lower floor.
Your four strong arms can wield two-handed weapons with a shield.
You have a pair of large antennae on your head. (SInv)


Message History

You shoot a bolt. The bolt hits the orc wizard.
The orc wizard is moderately wounded.
The orc wizard mumbles some strange words.
The orc wizard blinks!
Firing (i - inventory. (/) - cycle)
d - 18 bolts (quivered)
Press: ? - help, Shift-Dir - straight line, f/p - orc wizard
Aim: an orc wizard, wielding a dagger of speed and wearing a robe (moderately You shoot a bolt.
The bolt closely misses the orc wizard.
The orc wizard mumbles some strange words.
The orc wizard blinks!
The orc wizard mumbles some strange words.
The orc wizard blinks!
Firing (i - inventory. (/) - cycle)
d - 17 bolts (quivered)
Press: ? - help, Shift-Dir - straight line, f - orc wizard
Aim: an orc wizard, wielding a dagger and wearing a robe (almost dead)
You shoot a bolt. The bolt barely misses the orc wizard.
The orc wizard completely misses you. The orc wizard casts a spell at you.
The magic dart hits you!
You die...

. .( ###(.. .
.###
#§.(..#.....#
#..(.#.#(...#
#..)#._.#...+
#..((#(#....#
#..g..#.....#
#..s..†.....#
#.o@........#
######'######
............#
.........##.#
.........##.#
########....#
#....#
####[########
#.##.##.....#


You could see an orc wizard, a giant cockroach and a hobgoblin.

Vanquished Creatures
  An orc wizard (D:3)
  3 adders
  An ooze (D:2)
  A dart slug (D:1)
  2 leopard geckos
  An orc (D:3)
  A ball python (D:2)
  A giant cockroach (D:2)
  2 goblins (D:1)
  3 hobgoblins
  11 jackals
  2 kobolds
  7 bats
  6 frilled lizards
  4 rats
46 creatures vanquished.

Notes
Turn   | Place    | Note
-------+----------+-------------------------------------------
     0 | D:1      | nightchill the Formicid Arcane Marksman began the quest for
                  | the Orb.
     0 | D:1      | Reached XP level 1. HP: 15/15 MP: 2/2
    36 | D:1      | Reached XP level 2. HP: 16/21 MP: 3/3
   327 | D:1      | Reached XP level 3. HP: 27/27 MP: 4/4
  1023 | D:2      | Reached XP level 4. HP: 33/33 MP: 5/5
  1807 | D:3      | Reached skill level 4 in Hexes
  1846 | D:3      | Found a faded altar of an unknown god.
  2073 | D:3      | Reached XP level 5. HP: 10/39 MP: 6/6
  2076 | D:3      | Killed from afar by an orc wizard

Skill      XL: |  1  2  3  4 |
---------------+-------------+-----
Crossbows      | 3 |  3.9
Fighting       | 2 |  2.7
Hexes          | 4 |  4.2
Dodging        | |  1.7
Spellcasting   | |  1.1

Action                   |  1- 3 |  4- 6 || total
-------------------------+-------+-------++-------
Melee: Whip              |       |    18 ||    18
 Fire: Hand crossbow     |    72 |    44 ||   116
 Abil: Dig               |       |     5 ||     5
  Eat: Chunk             |       |     2 ||     2
       Ration            |       |     1 ||     1
Armor: Robe              |    14 |    13 ||    27
Dodge: Dodged            |    19 |    42 ||    61
